PAAA
ROYSE CITY TARGARYENS @ BANGOR TRIDENT BASE OGRES
07/25/2023
 
TOP OF THE 1ST
Royse City Targaryens batting - Pitching for Bangor Trident Base Ogres : LHP Júlio Hernández
Pitching: LHP Júlio Hernández
Batting: RHB Andrew Weeks 0-0: Ball
1-0: Called Strike
1-1: Ball
2-1: Fly out, F7 (Flyball, 7M)
Batting: LHB Shang-de Zhang 0-0: Fly out, F8 (Line Drive, 8RM)
Batting: RHB Héctor Ruíz 0-0: Foul Ball, location: 2F
0-1: Fly out, F8 (Flyball, 8LS)
Top of the 1st over - 0 run(s), 0 hit(s), 0 error(s), 0 left on base; Royse City 0 - Bangor Trident Base 0
BOTTOM OF THE 1ST
Bangor Trident Base Ogres batting - Pitching for Royse City Targaryens : RHP Rodger de Meza
Pitching: RHP Rodger de Meza
Batting: SHB Juan Ortega 0-0: Called Strike
0-1: Ball
1-1: Ball
2-1: Ground out 4-3 (Groundball, 4)
Batting: RHB Augusto Rocha 0-0: Ground out 6-3 (Groundball, 6M)
Batting: RHB Mike Lyon 0-0: Ball
1-0: Called Strike
1-1: SINGLE (Groundball, 4M)
Batting: LHB Michael Smith 0-0: Ball
1-0: Called Strike
1-1: Ball
2-1: Foul Ball, location: 2F
2-2: Fly out, F4 (Popup, 4)
Bottom of the 1st over - 0 run(s), 1 hit(s), 0 error(s), 1 left on base; Royse City 0 - Bangor Trident Base 0
TOP OF THE 2ND
Royse City Targaryens batting - Pitching for Bangor Trident Base Ogres : LHP Júlio Hernández
Batting: RHB Chae-hyeong Kim 0-0: Called Strike
0-1: Ball
1-1: Called Strike
1-2: Foul Ball, location: 2F
1-2: Ground out 5-3 (Groundball, 5)
Batting: LHB Eduardo Álvarez 0-0: SINGLE (Groundball, 13) (infield hit)
Batting: RHB José Cruz 0-0: Called Strike
0-1: Swinging Strike
0-2: Ball
1-2: Strikes out looking
Batting: LHB Jack Schmitt 0-0: Called Strike
0-1: Called Strike
Pickoff Throw by Catcher to First - Error! E2
Eduardo Álvarez to second
0-2: Ground out 4-3 (Groundball, 4M)
Top of the 2nd over - 0 run(s), 1 hit(s), 1 error(s), 1 left on base; Royse City 0 - Bangor Trident Base 0
BOTTOM OF THE 2ND
Bangor Trident Base Ogres batting - Pitching for Royse City Targaryens : RHP Rodger de Meza
Batting: RHB Tom Baker 0-0: Ball
1-0: Ground out 5-3 (Groundball, 56)
Batting: RHB Sang-yeon Kim 0-0: Ball
1-0: Ball
2-0: Ball
3-0: Called Strike
3-1: Called Strike
3-2: Fly out, F9 (Flyball, 9M)
Batting: RHB Johnny Foster 0-0: Called Strike
0-1: Ground out 6-3 (Groundball, 6)
Bottom of the 2nd over - 0 run(s), 0 hit(s), 0 error(s), 0 left on base; Royse City 0 - Bangor Trident Base 0
TOP OF THE 3RD
Royse City Targaryens batting - Pitching for Bangor Trident Base Ogres : LHP Júlio Hernández
Batting: RHB Sancho Balderas 0-0: Ball
1-0: Swinging Strike
1-1: Ground out 6-3 (Groundball, 6)
Batting: RHB Bartolo Martínez 0-0: SINGLE (Groundball, 6MD)
Batting: RHB Andrew Weeks 0-0: Ball
1-0: Grounds into double play, 5-4-3 (Groundball, 5L)
Top of the 3rd over - 0 run(s), 1 hit(s), 0 error(s), 0 left on base; Royse City 0 - Bangor Trident Base 0
BOTTOM OF THE 3RD
Bangor Trident Base Ogres batting - Pitching for Royse City Targaryens : RHP Rodger de Meza
Batting: RHB Gerardo Castillo 0-0: Ball
1-0: Ball
2-0: SINGLE (Groundball, 56D)
Batting: SHB Bill Becker 0-0: Foul Ball, location: 2F
0-1: Foul Ball, location: 2F
0-2: Strikes out swinging
Batting: SHB Juan Ortega 0-0: Called Strike
0-1: Foul Ball, location: 2F
0-2: Ball
1-2: Foul Ball, location: 2F
1-2: Ball
2-2: Ball
3-2: Fielders Choice at 2nd, 4-6 (Groundball, 4)
Batting: RHB Augusto Rocha 0-0: Called Strike
0-1: Called Strike
0-2: Ball
Juan Ortega is caught stealing 2nd base
Bottom of the 3rd over - 0 run(s), 1 hit(s), 0 error(s), 0 left on base; Royse City 0 - Bangor Trident Base 0
TOP OF THE 4TH
Royse City Targaryens batting - Pitching for Bangor Trident Base Ogres : LHP Júlio Hernández
Batting: LHB Shang-de Zhang 0-0: Ball
1-0: Foul Ball, location: 2F
1-1: Foul Ball, location: 2F
1-2: Ground out U3 (Groundball, 3)
Batting: RHB Héctor Ruíz 0-0: Foul Ball, location: 2F
0-1: Foul Ball, location: 2F
0-2: Ground out 6-3 (Groundball, 6)
Batting: RHB Chae-hyeong Kim 0-0: Ball
1-0: Called Strike
1-1: Ball
2-1: Ball
3-1: DOUBLE (Line Drive, 7D)
Batting: LHB Eduardo Álvarez 0-0: Ball
1-0: SINGLE (Groundball, 34)
Chae-hyeong Kim to third
Batting: RHB José Cruz 0-0: Ball
1-0: Ball
2-0: Foul Ball, location: 2F
2-1: Called Strike
2-2: Foul Ball, location: 2F
2-2: Ground out 6-3 (Groundball, 6)
Top of the 4th over - 0 run(s), 2 hit(s), 0 error(s), 2 left on base; Royse City 0 - Bangor Trident Base 0
BOTTOM OF THE 4TH
Bangor Trident Base Ogres batting - Pitching for Royse City Targaryens : RHP Rodger de Meza
Batting: RHB Augusto Rocha 0-0: Called Strike
0-1: Fly out, F7 (Line Drive, 78D)
Batting: RHB Mike Lyon 0-0: Called Strike
0-1: Foul Ball, location: 2F
0-2: Fly out, F4 (Line Drive, 4)
Batting: LHB Michael Smith 0-0: Ball
1-0: Called Strike
1-1: Ground out 3-1 (Groundball, 34S)
Bottom of the 4th over - 0 run(s), 0 hit(s), 0 error(s), 0 left on base; Royse City 0 - Bangor Trident Base 0
TOP OF THE 5TH
Royse City Targaryens batting - Pitching for Bangor Trident Base Ogres : LHP Júlio Hernández
Batting: LHB Jack Schmitt 0-0: Ball
1-0: DOUBLE (Flyball, 78D)
Batting: RHB Sancho Balderas 0-0: Called Strike
0-1: Ball
1-1: Swinging Strike
1-2: Strikes out looking
Batting: RHB Bartolo Martínez 0-0: Fly out, F6 (Popup, 6M)
Batting: RHB Andrew Weeks 0-0: Ball
1-0: Ball
2-0: Called Strike
2-1: Ball
3-1: Base on Balls
Batting: LHB Shang-de Zhang 0-0: Ball
1-0: Ball
2-0: Ball
3-0: Foul Ball, location: 2F
3-1: Called Strike
3-2: Base on Balls
Jack Schmitt to third
Andrew Weeks to second
Batting: RHB Héctor Ruíz 0-0: Called Strike
0-1: Ball
1-1: SINGLE (Line Drive, 9LS)
Jack Schmitt scores
Andrew Weeks to third
Shang-de Zhang to second
Batting: RHB Chae-hyeong Kim 0-0: Ball
1-0: Ball
2-0: Ball
3-0: Called Strike
3-1: Foul Ball, location: 2F
3-2: Strikes out swinging
Top of the 5th over - 1 run(s), 2 hit(s), 0 error(s), 3 left on base; Royse City 1 - Bangor Trident Base 0
BOTTOM OF THE 5TH
Bangor Trident Base Ogres batting - Pitching for Royse City Targaryens : RHP Rodger de Meza
Batting: RHB Tom Baker 0-0: Called Strike
0-1: Swinging Strike
0-2: Ball
1-2: Ball
2-2: Strikes out looking
Batting: RHB Sang-yeon Kim 0-0: Foul Ball, location: 2F
0-1: Swinging Strike
0-2: Foul Ball, location: 2F
0-2: Ball
1-2: Ball
2-2: Fly out, F7 (Line Drive, 78M)
Batting: RHB Johnny Foster 0-0: Ball
1-0: Ball
2-0: Called Strike
2-1: Ball
3-1: Called Strike
3-2: Base on Balls
Batting: RHB Gerardo Castillo 0-0: Ground out 6-3 (Groundball, 6)
Bottom of the 5th over - 0 run(s), 0 hit(s), 0 error(s), 1 left on base; Royse City 1 - Bangor Trident Base 0
TOP OF THE 6TH
Royse City Targaryens batting - Pitching for Bangor Trident Base Ogres : LHP Júlio Hernández
Batting: LHB Eduardo Álvarez 0-0: Ball
1-0: Called Strike
1-1: Called Strike
1-2: Strikes out swinging
Batting: RHB José Cruz 0-0: Ball
1-0: Foul Ball, location: 2F
1-1: Ball
2-1: Swinging Strike
2-2: Foul Ball, location: 2F
2-2: Strikes out looking
Batting: LHB Jack Schmitt 0-0: Called Strike
0-1: Swinging Strike
0-2: Foul Ball, location: 2F
0-2: Ball
1-2: Foul Ball, location: 2F
1-2: Ball
2-2: Foul Ball, location: 2F
2-2: Strikes out looking
Top of the 6th over - 0 run(s), 0 hit(s), 0 error(s), 0 left on base; Royse City 1 - Bangor Trident Base 0
BOTTOM OF THE 6TH
Bangor Trident Base Ogres batting - Pitching for Royse City Targaryens : RHP Rodger de Meza
Batting: SHB Bill Becker 0-0: Ball
1-0: Called Strike
1-1: Swinging Strike
1-2: Ground out 4-3 (Groundball, 4)
Batting: SHB Juan Ortega 0-0: Ball
1-0: Called Strike
1-1: DOUBLE (Line Drive, 9D)
Batting: RHB Augusto Rocha 0-0: Swinging Strike
0-1: Ball
1-1: Ground out 5-3 (Groundball, 5L)
Batting: RHB Mike Lyon 0-0: Called Strike
0-1: Swinging Strike
0-2: Strikes out swinging
Bottom of the 6th over - 0 run(s), 1 hit(s), 0 error(s), 1 left on base; Royse City 1 - Bangor Trident Base 0
TOP OF THE 7TH
Royse City Targaryens batting - Pitching for Bangor Trident Base Ogres : LHP Júlio Hernández
Batting: RHB Sancho Balderas 0-0: Foul Ball, location: 2F
0-1: SINGLE (Line Drive, 56)
Batting: RHB Bartolo Martínez 0-0: Fly out, F8 (Flyball, 8LXD)
Batting: RHB Andrew Weeks 0-0: Called Strike
0-1: Ball
1-1: Foul Ball, location: 2F
1-2: Strikes out swinging
Pinch Hitting: RHB Javier Chávez 0-0: Ball
1-0: Ball
Sancho Balderas steals 2nd base
2-0: Foul Ball, location: 2F
2-1: Called Strike
2-2: Strikes out swinging
Top of the 7th over - 0 run(s), 1 hit(s), 0 error(s), 1 left on base; Royse City 1 - Bangor Trident Base 0
BOTTOM OF THE 7TH
Bangor Trident Base Ogres batting - Pitching for Royse City Targaryens : RHP Rodger de Meza
Now at 3B: Javier Chávez
Batting: LHB Michael Smith 0-0: Foul Ball, location: 2F
0-1: Foul Ball, location: 2F
0-2: Foul Ball, location: 2F
0-2: SINGLE (Line Drive, 7S)
Pitching: RHP Bo Tubbs
Batting: RHB Tom Baker 0-0: Ball
1-0: Swinging Strike
1-1: Fielders Choice at 2nd, 6-4 (Groundball, 6)
Batting: RHB Sang-yeon Kim 0-0: Ball
1-0: Ball
2-0: Ball
3-0: Base on Balls
Tom Baker to second
Batting: RHB Johnny Foster 0-0: Ball
1-0: Grounds into double play, 6-4-3 (Groundball, 6)
Bottom of the 7th over - 0 run(s), 1 hit(s), 0 error(s), 1 left on base; Royse City 1 - Bangor Trident Base 0
TOP OF THE 8TH
Royse City Targaryens batting - Pitching for Bangor Trident Base Ogres : LHP Júlio Hernández
Batting: RHB Héctor Ruíz 0-0: Ball
1-0: Hit by Pitch
Batting: RHB Chae-hyeong Kim 0-0: Ball
1-0: Ball
2-0: Ground out 5-3 (Groundball, 5S)
Héctor Ruíz to second
Batting: LHB Eduardo Álvarez 0-0: Foul Ball, location: 2F
0-1: Called Strike
Héctor Ruíz steals 3rd base
0-2: Foul Ball, location: 2F
0-2: Ground out 4-3 (Groundball, 4M)
Pinch Hitting: RHB Jim Unknown 0-0: Ball
1-0: Called Strike
1-1: Ball
2-1: Ball
3-1: Base on Balls
Pitching: RHP Kelly Hyde
Batting: LHB Jack Schmitt 0-0: DOUBLE (Flyball, 7LM)
Héctor Ruíz scores
Jim Unknown to third
Runner from 3rd tries for Home, SAFE, throw made home
Batting: RHB Sancho Balderas 0-0: Called Strike
0-1: SINGLE (Line Drive, 9LS)
Jack Schmitt to third
Runner from 3rd tries for Home, SAFE, no throw or cutoff
Batting: RHB Bartolo Martínez 0-0: Called Strike
Sancho Balderas steals 2nd base
0-1: Ground out 6-3 (Groundball, 6)
Top of the 8th over - 3 run(s), 2 hit(s), 0 error(s), 1 left on base; Royse City 4 - Bangor Trident Base 0
BOTTOM OF THE 8TH
Bangor Trident Base Ogres batting - Pitching for Royse City Targaryens : RHP Bo Tubbs
Now in RF: Florian Cesaresco
Batting: RHB Gerardo Castillo 0-0: Called Strike
0-1: Fly out, F8 (Flyball, 8RM)
Batting: SHB Bill Becker 0-0: Ball
1-0: Ball
2-0: Ball
3-0: Called Strike
3-1: Called Strike
3-2: Base on Balls
Batting: SHB Juan Ortega 0-0: Ball
1-0: Swinging Strike
1-1: Fly out, F6 (Popup, 56)
Batting: RHB Augusto Rocha 0-0: Swinging Strike
0-1: Fielders Choice at 2nd, U6 (Groundball, 6M)
Bottom of the 8th over - 0 run(s), 0 hit(s), 0 error(s), 1 left on base; Royse City 4 - Bangor Trident Base 0
TOP OF THE 9TH
Royse City Targaryens batting - Pitching for Bangor Trident Base Ogres : RHP Kelly Hyde
Pitching: RHP Will Benton
Batting: RHB Andrew Weeks 0-0: Swinging Strike
0-1: Called Strike
0-2: Strikes out looking
Batting: RHB Javier Chávez 0-0: Ball
1-0: Fly out, F8 (Flyball, 8RM)
Batting: RHB Héctor Ruíz 0-0: Ball
1-0: Swinging Strike
1-1: Swinging Strike
1-2: Ball
2-2: Ground out 6-3 (Groundball, 6)
Top of the 9th over - 0 run(s), 0 hit(s), 0 error(s), 0 left on base; Royse City 4 - Bangor Trident Base 0
BOTTOM OF THE 9TH
Bangor Trident Base Ogres batting - Pitching for Royse City Targaryens : RHP Bo Tubbs
Batting: RHB Mike Lyon 0-0: SINGLE (Flyball, 9LS)
Batting: LHB Michael Smith 0-0: Fly out, F7 (Line Drive, 78S)
Batting: RHB Tom Baker 0-0: Grounds into double play, 2-6-3 (Groundball, 2R)
Bottom of the 9th over - 0 run(s), 1 hit(s), 0 error(s), 0 left on base; Royse City 4 - Bangor Trident Base 0
This league is powered by Out of the Park Baseball, the baseball management simulation game for PC, Mac and Linux
Friday, July 8th, 2016 - OOTP Baseball 16.9 Build 39